AoeStats
← yt536390

Arabia

510760608Analyzed
1v1 RM · 10h ago on Oct 2, 2026· 44m 20s· 2 players
Game mode
Random Map
Map size
Tiny (2 player)
Population
200
Speed
Normal
Resources
Standard
Victory
Conquest
Starting age
Dark Age
Ending age
Imperial Age
RankedLock teamsTeams togetherTeam positionsShared explorationLock speedFull tech treeHidden civsTurbo modeCheats
Victory
Defeat
🇨🇳 Maya · China
1780
+23
🇹🇷 Ethiopians · Türkiye
1941
-23
Ronin
7:28 Loom
10:02 Feudal Age
17:58 Castle Age
16:36 Horse Collar
16:44 Double-Bit Axe
18:21 Fletching
18:10 Crossbowman
19:13 Bodkin Arrow
20:41 Ballistics
20:41 Padded Archer Armor
23:37 Wheelbarrow
38:11 Scale Mail Armor
39:17 Squires
yt536390
0:25 Loom
9:03 Feudal Age
11:30 Double-Bit Axe
12:31 Horse Collar
20:07 Castle Age
20:07 Elite Skirmisher
20:43 Fletching
21:16 Padded Archer Armor
21:24 Bodkin Arrow
28:22 Eagle Warrior
29:49 Scale Mail Armor
29:59 Forging
29:50 Squires
32:30 Forging
33:21 Chain Mail Armor
36:51 Wheelbarrow
40:00 Man-at-Arms
41:44 Arson
42:56 Iron Casting
42:26 Long Swordsman
Connection lost

Rejoining the realm…

Still unreachable

The connection could not be restored.

Session expired

The server has moved on; the page needs a fresh start.